 Dungeon Crawl Stone Soup version 0.18.1-50-g88ac8fd (webtiles) character file.

52 Amnesiac the Ducker (level 3, 0/22 HPs)
             Began as a Deep Elf Fighter on Feb 26, 2018.
             Was an Initiate of Nemelex Xobeh.
             Succumbed to a worker ant's poison
             ... on level 4 of the Dungeon.
             The game lasted 00:03:17 (637 turns).

Amnesiac the Ducker (Deep Elf Fighter)               Turns: 637, Time: 00:03:18

Health: 0/22       AC: 11    Str: 14    XL:     3   Next: 60%
Magic:  5/5        EV:  2    Int: 17    God:    Nemelex Xobeh [......]
Gold:   67         SH:  8    Dex: 14    Spells: 0 memorised, 2 levels left

rFire  . . .     SeeInvis .     a - +0 rapier
rCold  . . .     Gourm    .     i - +0 plate armour
rNeg   . . .     Faith    .     c - +0 shield
rPois  .         Spirit   .     (no helmet)
rElec  .         Dismiss  .     (no cloak)
rCorr  .         Reflect  .     (no gloves)
SustAt .         Harm     .     (no boots)
MR     .....                    (no amulet)
Stlth  ..........               (no ring)
                                (no ring)

@: brilliant, lethally poisoned (0 -> -15), cleaving, not resistant to hostile
enchantments, extremely unstealthy
A: no striking features
a: Renounce Religion


You were on level 4 of the Dungeon.
You worshipped Nemelex Xobeh.
Nemelex Xobeh was noncommittal.
You were not hungry.

You visited 2 branches of the dungeon, and saw 5 of its levels.

You collected 67 gold pieces.

Inventory:

Hand Weapons
 a - a +0 rapier (weapon)
 o - a +1 mace of protection
Missiles
 e - 73 stones (quivered)
Armour
 c - a +0 shield (worn)
 i - a +0 plate armour (worn)
Jewellery
 d - an uncursed ring of flight {unknown}
Scrolls
 j - a scroll of teleportation {!r, unknown}
 l - a scroll of remove curse {!r, unknown}
Potions
 m - a potion of cancellation {!q}
Miscellaneous
 n - a plain deck of war {drawn: 4}
Comestibles
 f - a bread ration
 g - a beef jerky
 h - a meat ration


   Skills:
 - Level 2.4 Fighting
 - Level 2.0 Short Blades
 - Level 2.4 Armour
 - Level 3.9 Dodging
 - Level 2.4 Shields
 + Level 0.2 Evocations


You had 2 spell levels left.
You didn't know any spells.

Dungeon Overview and Level Annotations

Branches:
Dungeon (4/15)             Temple (1/1) D:4

Altars:
Ashenzari
Cheibriados
Dithmenos
Elyvilon
Fedhas
Makhleb
Nemelex Xobeh
Okawaru
Qazlal
Ru
Sif Muna
Trog
Vehumet
Xom
Yredelemnul
Zin
The Shining One

Annotations:
D:4 Edmund


Message History

You feel sick. You block the worker ant's attack.
You block the adder skeleton's attack.
You hit the worker ant but do no damage.
The worker ant is heavily wounded.
The worker ant bites you but does no damage.
The adder skeleton bites you but does no damage.
The worker ant waves its antennae.
The worker ant bites you.
You are lethally poisoned!
The worker ant poisons you!
You hit the worker ant.
The worker ant is severely wounded.
You feel sick. You block the adder skeleton's attack.
You block the worker ant's attack.
The adder skeleton bites you but does no damage.
You closely miss the worker ant.
The worker ant is severely wounded.
You feel sick.
The worker ant bites you but does no damage.
The adder skeleton bites you but does no damage.
The worker ant bites you.
You are more poisoned.
The worker ant poisons you!
You hit the worker ant but do no damage.
The worker ant is severely wounded.
* * * LOW HITPOINT WARNING * * *
You feel sick.
The adder skeleton bites you but does no damage.
The worker ant bites you.
* * * LOW HITPOINT WARNING * * *
You closely miss the worker ant.
The worker ant is severely wounded.
* * * LOW HITPOINT WARNING * * *
You feel sick. You block the adder skeleton's attack. The worker ant bites you.
* * * LOW HITPOINT WARNING * * *
The adder skeleton bites you but does no damage.
The worker ant bites you but does no damage.
Drink which item? (? for menu, Esc to quit)
Really quaff
k - a fizzy green potion {!q}?
It was a potion of brilliance {!q}.
You feel clever all of a sudden.
* * * LOW HITPOINT WARNING * * *
You feel sick.
The adder skeleton bites you but does no damage.
The worker ant bites you but does no damage.
Drink which item? (? for menu, Esc to quit)
Okay, then.
Evoke which item? (* to show all) (? for menu, Esc to quit)
You draw a card...
It is the Dance.
* * * LOW HITPOINT WARNING * * *
You feel sick. You block the worker ant's attack.
The adder skeleton bites you but does no damage.
Evoke which item? (* to show all) (? for menu, Esc to quit)
You draw a card...
It is the Blade.
Your +0 rapier looks oddly sharp.
* * * LOW HITPOINT WARNING * * *
You feel sick.
The worker ant bites you but does no damage.
The adder skeleton barely misses you.
Your plate armour prevents you from hitting the worker ant.
The worker ant is severely wounded.
You hit the adder skeleton.
You die...
Your body disappears without a glow.

#.# #.# #.# #.# #.# #.#
### #.# #.#
.####.###.#.#########.#
.......@.###..@Z@a(...#
......###.#.###########
####### ##.## ###


You could see Edmund, a worker ant, an adder skeleton and a friendly
quarterstaff of venom.

Vanquished Creatures
  A howler monkey (D:4)
  An adder zombie (D:4)
  4 goblins
  3 hobgoblins
  A giant newt (D:2)
  A rat (D:2)
11 creatures vanquished.

Notes
Turn   | Place    | Note
--------------------------------------------------------------
     0 | D:1      | Amnesiac the Deep Elf Fighter began the quest for the Orb.
     0 | D:1      | Reached XP level 1. HP: 13/13 MP: 3/3
    86 | D:2      | Reached skill level 1 in Dodging
   137 | D:2      | Found a deep blue altar of Sif Muna.
   141 | D:2      | Found a radiant altar of Vehumet.
   141 | D:2      | Found a white marble altar of Elyvilon.
   149 | D:2      | Found an iron altar of Okawaru.
   149 | D:2      | Found a snail-covered altar of Cheibriados.
   298 | D:3      | Reached skill level 2 in Dodging
   298 | D:3      | Reached XP level 2. HP: 18/18 MP: 4/4
   429 | D:4      | Noticed a howler monkey
   437 | D:4      | Killed a howler monkey
   437 | D:4      | Reached skill level 3 in Dodging
   437 | D:4      | Reached XP level 3. HP: 21/22 MP: 5/5
   458 | D:4      | Found a staircase to the Ecumenical Temple.
   467 | Temple   | Entered the Ecumenical Temple
   491 | Temple   | Became a worshipper of Nemelex Xobeh the Trickster
   521 | D:4      | Noticed an ogre
   561 | D:4      | Received a gift from Nemelex Xobeh
   581 | D:4      | Noticed Edmund
   637 | D:4      | Succumbed to a worker ant's poison

Skill      XL: |  1  2 |
---------------+-------+-----
Dodging        | 2 3 |  3.9
Fighting       | |  2.4
Short Blades   | |  2.0
Armour         | |  2.4
Shields        | |  2.4
Evocations     | |  0.2

Action                   || total
-------------------------++-------
Melee: Rapier            ||    72
Evoke: Deck              ||     4
  Use: Potion            ||     2
       Scroll            ||     1
Armor: Scale mail        ||    14
       Plate armour      ||    41
Dodge: Dodged            ||    13
Block: Shield            ||    46
